 Dungeon Crawl Stone Soup version 0.31-a0-692-gf03d1854d5 (webtiles) character file.

Game seed: 1824522055481788293

60 qw the Shooter (level 4, -2/28 HPs)
             Began as a Gargoyle Hunter on Sept 6, 2023.
             Slain by a goblin
             ... wielding a +2 dagger of venom
             ... led by Robin
              (6 damage)
             ... on level 2 of the Dungeon.
             The game lasted 00:00:28 (1561 turns).

qw the Shooter (Gargoyle Hunter)                    Turns: 1561, Time: 00:00:28

Health: -2/28      AC:  7    Str: 14    XL:     4   Next: 6%
Magic:  4/4        EV: 11    Int: 10    God:
Gold:   184        SH:  0    Dex: 15    Spells: 3/3 levels left

rFire   . . .        Y - +0 shortbow
rCold   . . .        (shield currently unavailable)
rNeg    + . .        c - +0 leather armour
rPois   inf          (no helmet)
rElec   +            g - +0 cloak
rCorr   +            (no gloves)
SInv    .            (no boots)
Will    .....        d - amulet of regeneration
Stlth   ++           e - ring of resist corrosion
HPRegen 1.04/turn    (no ring)
MPRegen 0.09/turn

%: no passive effects
@: no status effects
A: sickness immunity, AC +3, negative energy resistance 1, electricity
resistance, torment resistance 1, petrification resistance
a: no special abilities


You were on level 2 of the Dungeon.
You visited 1 branch of the dungeon, and saw 2 of its levels.

You collected 184 gold pieces.


Innate Abilities, Weirdness & Mutations

You are immune to sickness and miasma.
Your stone body is resilient. (AC +3)
You are immune to poison.
You resist negative energy. (rN+)
You are resistant to electric shocks. (rElec)
You are resistant to unholy torment.
You are immune to petrification.


   Skills:
 - Level 3.0 Fighting
 + Level 5.1 Ranged Weapons
 - Level 1.5 Dodging
 - Level 1.1 Stealth


You had 3 spell levels left.
You didn't know any spells.
Your spell library was empty.

Inventory:

Hand Weapons
 Y - a +0 shortbow (weapon)
Armour
 c - a +0 leather armour (worn)
 g - a +0 cloak (worn)
Jewellery
 d - an amulet of regeneration (around neck)
 e - a ring of resist corrosion (left hand)
Scrolls
 a - 2 scrolls of identify {unknown}
 i - 3 scrolls of amnesia {unknown}
Potions
 b - a potion of enlightenment {unknown}
 f - a potion of attraction {unknown}
 h - 2 potions of might {unknown}

Dungeon Overview and Level Annotations

Branches:
Dungeon (2/15)

Altars:

Annotations:
D:2 Robin


Message History

The hobgoblin goes into a battle-frenzy!
The goblin hits you with a +2 dagger of venom!
The goblin closely misses you.
You shoot an arrow. The arrow hits Robin.
Robin is heavily wounded.
The goblin no longer looks unusually strong.
Robin roars a battlecry!
The goblin goes into a battle-frenzy!
The goblin hits you with a +2 dagger of venom.
The goblin closely misses you.
You shoot an arrow.
The arrow hits Robin but does no damage.
Robin is heavily wounded.
Robin hits you but does no damage. The goblin barely misses you.
The goblin closely misses you.
You shoot an arrow.
The arrow hits Robin but does no damage.
Robin is heavily wounded.
Robin hits you with a +0 short sword.
The goblin hits you with a +2 dagger of venom.
The goblin barely misses you.
You shoot an arrow. The arrow barely misses Robin.
The goblin no longer looks unusually strong.
Robin hits you but does no damage.
The goblin hits you with a +2 dagger of venom.
The goblin completely misses you.
Robin says, "A pitiful Gargoyle like you will never find the ORB!"
The goblin barely misses you.
The goblin hits you with a +2 dagger of venom.
You shoot an arrow. The arrow completely misses Robin.
Robin hits you but does no damage. The goblin barely misses you.
The goblin hits you but does no damage.
You shoot an arrow.
The arrow hits Robin but does no damage.
Robin is heavily wounded.
Robin says, "Bow before me, strongest of all the hobgoblins!"
The goblin barely misses you. The goblin hits you with a +0 dagger.
You shoot an arrow. The arrow closely misses Robin.
The goblin hits you with a +2 dagger of venom.
You die...

##.......# ##...##.##.#
##........# ###.......#
#.###.....# #########
#.# #.....# ########
####.###.....# ........
....#..).....# .#######
###.##%......#
######### ####
#.......######ggg.$...
#... #..#.#.......)@#
#.##
#............#g#####
#.#
#..#.#.#####.#.....#
#.# #......#
###....##.#### #.#
#..#...# #............#
#.#
#..###.###.#...(#####.#
#.# #..........#.#..#
#.######.#
##>..........#..#
#........##
#####.#######..#
#.########.


You could see Robin, a hobgoblin (strong) and 2 goblins.

Vanquished Creatures
  An adder (D:2)
  3 dart slugs (D:2)
  A worm (D:2)
  A bat (D:1)
  4 endoplasms
  2 giant cockroaches
  6 goblins
  4 hobgoblins (D:2)
  3 quokkas
  3 ball pythons
  3 frilled lizards
  5 kobolds
  3 rats
39 creatures vanquished.

Notes
Turn   | Place    | Note
-------+----------+-------------------------------------------
     0 | D:1      | qw the Gargoyle Hunter began the quest for the Orb.
     0 | D:1      | Reached XP level 1. HP: 12/12 MP: 1/1
     0 | D:1      | 0 ||| qw: Version: 0.3-a-76-g4403597
     0 | D:1      | 0 ||| qw: Game counter: 187
     0 | D:1      | 0 ||| qw: Melee chars always use a shield: true
     0 | D:1      | 0 ||| qw: God list: Okawaru
     0 | D:1      | 0 ||| qw: Allow faded altars: false
     0 | D:1      | 0 ||| qw: Do Orc after clearing Dungeon:15 true
     0 | D:1      | 0 ||| qw: Do second Lair branch before Depths: true
     0 | D:1      | 0 ||| qw: Lair rune preference: random
     0 | D:1      | 0 ||| qw: Goals: Normal
     0 | D:1      | 0 ||| PLANNING D:1-11
   182 | D:1      | Reached XP level 2. HP: 17/17 MP: 2/2
  1028 | D:1      | 1028 ||| UPGRADING to amulet of regeneration.
  1033 | D:1      | 1033 ||| UPGRADING to ring of resist corrosion.
  1034 | D:1      | 1034 ||| READING scroll labelled OSUFUE YC ENAJ.
  1035 | D:1      | 1035 ||| DROPPING scroll of butterflies.
  1076 | D:2      | Reached XP level 3. HP: 21/21 MP: 3/3
  1098 | D:2      | Reached skill level 5 in Ranged Weapons
  1400 | D:2      | 1400 ||| UPGRADING to +0 cloak.
  1408 | D:2      | Reached skill level 3 in Fighting
  1421 | D:2      | Found a faded altar of an unknown god.
  1536 | D:2      | Noticed Robin
  1539 | D:2      | Reached XP level 4. HP: 28/28 MP: 4/4
  1557 | D:2      | HP: 7/28 [goblin/+2 dagger of venom[Robin] (2)]
  1558 | D:2      | HP: 2/28 [goblin/+2 dagger of venom[Robin] (2)]
  1561 | D:2      | Slain by a goblin

Levels and vault maps discovered:
D:1:      saegor_arrival_fortress, layout_loops_corners,
          hangedman_feature_mirror
D:2:      layout_loops_ring, chequers_ecumenical_altar_lobes,
          minmay_hexomino_f4, uniq_robin

Skill      XL: |  1  2  3 |
---------------+----------+-----
Ranged Weapons | 5 |  5.1
Fighting       | 3 |  3.0
Dodging        | |  1.5
Stealth        | |  1.1

Action                     |  1- 3 |  4- 6 || total
---------------------------+-------+-------++-------
   Fire: Shortbow          |    85 |    23 ||   108
    Use: Scroll            |     1 |       ||     1
 Armour: Leather armour    |    18 |    29 ||    47
  Dodge: Dodged            |    23 |    27 ||    50

Table legend:
 A = Non-vault XP
 B = Vault XP
 C = Vault XP percentage of total XP
 D = Non-vault monster count
 E = Vault monster count
 F = Vault count percentage of total count
                 A         B        C        D         E       F
            +---------+---------+-------+---------+---------+-------
      Total |      70 |      17 |  19.5 |      30 |       9 |  23.1
            +---------+---------+-------+---------+---------+-------
        D:1 |      25 |       4 |  13.8 |      15 |       2 |  11.8
        D:2 |      45 |      13 |  22.4 |      15 |       7 |  31.8
            +---------+---------+-------+---------+---------+-------
